 Dungeon Crawl Stone Soup version 0.26.1-11-gd32895ea62 (webtiles) character file.

Game seed: 6498480535553219783

6448 promet the Slinger (level 11, -2/72 HPs)
             Began as a Halfling Hunter on June 25, 2021.
             Was a Believer of Zin.
             Slain by a two-headed ogre
             ... wielding a +0 giant club
              (18 damage)
             ... on level 10 of the Dungeon.
             The game lasted 01:33:16 (15510 turns).

promet the Slinger (Halfling Hunter)               Turns: 15510, Time: 01:33:16

Health: -2/72      AC: 16    Str: 14    XL:     11   Next: 18%
Magic:  11/11      EV:  8    Int: 16    God:    Zin [**....]
Gold:   71         SH: 11    Dex: 17    Spells: 10/10 levels left

rFire    . . .     SeeInvis +   a - +3 long sword
rCold    . . .     Faith    .   N - +2 kite shield
rNeg     . . .     Spirit   .   A - +0 chain mail
rPois    .         Reflect  .   L - +0 helmet
rElec    .         Harm     .   u - scarf {shadows}
rCorr    .         Rampage  .   G - +2 pair of gloves
Will     .....                  M - +0 pair of boots
Stlth    ..........             (no amulet)
HPRegen  0.22/turn              l - ring of see invisible
MPRegen  0.12/turn              w - +6 ring of intelligence

@: no status effects
A: small, mutation resistance 1
a: Renounce Religion, Recite, Vitalisation, Donate Gold


You were on level 10 of the Dungeon.
You worshipped Zin.
Zin was pleased with you.
You visited 1 branch of the dungeon, and saw 10 of its levels.

You collected 421 gold pieces.
You donated 350 gold pieces to Zin.

Inventory:

Hand Weapons
 a - a +3 long sword (weapon)
 b - a +3 hunting sling
 i - a +1 dagger of freezing
 n - a +1 dagger of speed
 t - a +2 rapier of speed
 z - a +4 flail of protection
Missiles
 d - 12 sling bullets
 e - 203 stones
 g - 5 javelins
 k - 108 bolts
 p - 8 datura-tipped darts
 q - 14 boomerangs
 x - 3 curare-tipped darts (quivered)
 H - 8 poisoned darts
Armour
 m - a +1 hat
 s - a +0 buckler of positive energy
 u - a scarf of shadows (worn)
 A - a +0 chain mail (worn)
 G - a +2 pair of gloves (worn)
 L - a +0 helmet (worn)
 M - a +0 pair of boots (worn)
 N - a +2 kite shield (worn)
Jewellery
 j - an uncursed ring of ice
 l - a ring of see invisible (left hand)
 r - an uncursed amulet of reflection {unknown}
 w - a +6 ring of intelligence (right hand)
 y - an uncursed ring of ice
 I - a +6 ring of intelligence
Wands
 E - a wand of paralysis (13)
Scrolls
 f - 5 scrolls of identify
 h - 6 scrolls of remove curse
 o - 2 scrolls of magic mapping
 D - 2 scrolls of teleportation
 J - a scroll of amnesia
Potions
 v - a potion of resistance
 B - 3 potions of cancellation
 C - a potion of brilliance
 K - a potion of ambrosia


   Skills:
 + Level 6.1 Fighting
 + Level 9.7(9.9) Short Blades
 + Level 2.0(5.5) Long Blades
 + Level 11.6(12.0) Slings
 + Level 3.5(6.3) Throwing
 + Level 7.7 Armour
 + Level 4.4 Dodging
 + Level 3.0 Stealth
 + Level 2.7 Shields
 + Level 1.0 Invocations
 + Level 1.9 Evocations


You had 10 spell levels left.
You didn't know any spells.
Your spell library contained the following spells:

 Spells                   Type           Power        Failure   Level
 Sting                    Tmut/Pois      0%           100%        1
 Poisonous Vapours        Pois/Air       0%           100%        2
 Ignite Poison            Fire/Tmut/Pois 0%           100%        3
 Mephitic Cloud           Conj/Pois/Air  0%           100%        3
 Olgreb's Toxic Radiance  Pois           0%           100%        4


Dungeon Overview and Level Annotations

Branches:
Dungeon (10/15)            Temple (0/1) D:5            Lair (0/6) D:8
    Orc: D:9-12

Altars:
Dithmenos
Elyvilon
Fedhas
Kikubaaqudgha
Makhleb
Nemelex Xobeh
Zin

Shops:
D:6 [   D:8 (


Innate Abilities, Weirdness & Mutations

You are small and have problems with some larger weapons.
You are somewhat resistant to further mutation.


Message History

You hit the two-headed ogre.
The two-headed ogre is severely wounded.
The two-headed ogre hits you but does no damage.
The two-headed ogre hits you with a +0 giant club!
You hit the two-headed ogre but do no damage.
The two-headed ogre is severely wounded.
You hit the two-headed ogre.
The two-headed ogre is almost dead.
You block the two-headed ogre's attack. The two-headed ogre barely misses you.
You hit the two-headed ogre.
The two-headed ogre is almost dead.
The two-headed ogre hits you with a +0 giant club! x3
* * * LOW HITPOINT WARNING * * *
The two-headed ogre closely misses you.
You barely miss the two-headed ogre.
The two-headed ogre is almost dead.
You slash the two-headed ogre!
The two-headed ogre is almost dead.
The two-headed ogre hits you with a +0 giant club!!
You die...

..... #.... ....+ ....
#...# ....# ..... #...#
....# ..... #...# ....#
....######...# ....##
.............######......
'#.......[).@OJ.(......
#.<.).#######....(....
####..#.....#..######.
#..#.....#O.#
#.O#.....#(.#
#####..#.....#..#
#......#..<..#.(#
.......#.(...#..#
.......#...(.#..#


You could see a two-headed ogre and a jelly.

Vanquished Creatures
  2 two-headed ogres
  2 deep elf magi (D:8)
  Psyche (D:9)
  2 hornets (D:9)
  A shadow (D:7)
  A wyvern (D:8)
  3 steam dragons (D:8)
  Edmund (D:5)
  A water moccasin (D:8)
  An ice beast (D:6)
  An orc warrior (D:8)
  A necrophage (D:8)
  A phantom (D:6)
  2 sky beasts (D:9)
  An ogre (D:7)
  3 centaurs
  A big kobold (D:8)
  4 bullfrogs
  A water moccasin skeleton (D:4)
  3 scorpions
  4 howler monkeys
  8 orc priests
  6 hounds
  A jelly (D:7)
  10 orc wizards
  Jessica (D:2)
  3 iguanas
  4 worker ants
  A worker ant zombie (D:5)
  4 gnolls (D:5)
  A howler monkey skeleton (D:8)
  13 adders
  3 shadow imps
  2 white imps
  3 oozes
  2 adder skeletons
  6 worms
  3 dart slugs
  7 leopard geckos
  41 orcs
  A ball python (D:3)
  12 bats
  A giant cockroach (D:1)
  12 goblins
  15 hobgoblins
  6 jackals
  13 kobolds
  3 quokkas
  6 frilled lizards
  A jackal skeleton (D:4)
  2 quokka skeletons (D:4)
  A quokka zombie (D:5)
  7 rats
236 creatures vanquished.

Vanquished Creatures (others)
  A bullfrog (D:8)
  A worker ant (D:3)
2 creatures vanquished.

Grand Total: 238 creatures vanquished

Notes
Turn   | Place    | Note
-------+----------+-------------------------------------------
     0 | D:1      | promet the Halfling Hunter began the quest for the Orb.
     0 | D:1      | Reached XP level 1. HP: 14/14 MP: 1/1
    65 | D:1      | Reached skill level 6 in Slings
   203 | D:1      | Reached XP level 2. HP: 16/19 MP: 2/2
   738 | D:1      | Reached XP level 3. HP: 19/24 MP: 3/3
  1421 | D:2      | Reached skill level 1 in Short Blades
  1479 | D:2      | Found a glowing silver altar of Zin.
  1491 | D:2      | Became a worshipper of Zin the Law-Giver
  1714 | D:2      | Reached XP level 4. HP: 19/29 MP: 4/4
  2109 | D:2      | Reached skill level 7 in Slings
  2109 | D:2      | Reached skill level 1 in Armour
  2251 | D:2      | Noticed Jessica
  2271 | D:2      | Killed Jessica
  2272 | D:2      | Reached XP level 5. HP: 30/34 MP: 5/5
  2563 | D:2      | Reached XP level 6. HP: 12/41 MP: 6/6
  3839 | D:3      | Reached skill level 1 in Evocations
  4004 | D:3      | Zin protects you from harm!
  4655 | D:3      | Found an ancient bone altar of Kikubaaqudgha.
  4847 | D:3      | Reached XP level 7. HP: 37/45 MP: 7/7
  4853 | D:3      | Reached skill level 8 in Slings
  4960 | D:3      | Reached * piety under Zin
  6573 | D:4      | Found a shadowy altar of Dithmenos.
  6573 | D:4      | Found a white marble altar of Elyvilon.
  6695 | D:4      | Reached skill level 9 in Slings
  7223 | D:4      | Reached ** piety under Zin
  7321 | D:4      | Found a sparkling altar of Nemelex Xobeh.
  7326 | D:4      | Donated 87 gold pieces to Zin
  7367 | D:5      | Entered Level 5 of the Dungeon
  7422 | D:5      | Reached XP level 8. HP: 51/52 MP: 8/8
  7468 | D:5      | Noticed Edmund
  7489 | D:5      | Killed Edmund
  8186 | D:5      | Found a staircase to the Ecumenical Temple.
  8192 | D:5      | Donated 56 gold pieces to Zin
  9159 | D:6      | Reached skill level 5 in Short Blades
  9171 | D:6      | Reached skill level 1 in Shields
  9209 | D:6      | Found Hellysamei's Antique Armour Emporium.
  9260 | D:6      | Reached *** piety under Zin
  9491 | D:6      | Reached XP level 9. HP: 54/58 MP: 9/9
  9596 | D:6      | Found a blossoming altar of Fedhas.
  9956 | D:7      | Reached skill level 5 in Armour
  9984 | D:7      | Found a flagged portal.
 10590 | D:8      | Reached skill level 10 in Slings
 10771 | D:8      | Found a staircase to the Lair.
 10852 | D:8      | Found Atausaot's Weapon Emporium.
 10885 | D:8      | Donated 99 gold pieces to Zin
 10954 | D:8      | Reached skill level 1 in Throwing
 11886 | D:8      | Reached skill level 5 in Fighting
 11963 | D:8      | Reached XP level 10. HP: 39/66 MP: 10/10
 12513 | D:8      | Noticed a two-headed ogre
 12564 | D:8      | Killed a two-headed ogre
 12565 | D:8      | Reached skill level 11 in Slings
 13093 | D:8      | Found a burning altar of Makhleb.
 13093 | D:8      | Noticed a deep elf mage
 13094 | D:8      | Noticed a deep elf mage
 13106 | D:8      | Killed a deep elf mage
 13117 | D:8      | Killed a deep elf mage
 13492 | D:9      | Paralysed by a hornet for 2 turns
 13953 | D:9      | Noticed a two-headed ogre
 14014 | D:9      | Killed a two-headed ogre
 14015 | D:9      | Reached XP level 11. HP: 72/72 MP: 11/11
 14095 | D:9      | Reached skill level 1 in Long Blades
 14505 | D:9      | Noticed Psyche
 14536 | D:9      | Killed Psyche
 14537 | D:9      | Reached skill level 1 in Invocations
 14586 | D:9      | Donated 66 gold pieces to Zin
 15281 | D:10     | Entered Level 10 of the Dungeon
 15334 | D:10     | Identified the +1 ring mail "Noxici" {*Slow +Blink Int+4}
 15423 | D:10     | Noticed a two-headed ogre
 15510 | D:10     | Slain by a two-headed ogre

Illustrated notes

Levels and vault maps discovered:
D:1:      giann_wishing_wells, layout_loops_ring, serial_rivers,
          chequers_serial_rivers_micro_c, chequers_serial_rivers_room_a,
          chequers_serial_rivers_micro_a, chequers_serial_rivers_small_3,
          chequers_serial_rivers_micro_c, chequers_serial_rivers_small_b
D:2:      layout_loops_corners, lemuel_crystal_altar, minmay_heptomino_o4,
          uniq_jessica
D:3:      layout_basic, marbit_many_paths, minmay_misc_feat_room
D:4:      layout_basic, gammafunk_temple_overflow_elements,
          nemelex_spade_bored_becter
D:5:      layout_cave_pods, temple_statues, uniq_edmund
D:6:      layout_rooms, serial_shops, shop, fedhas_altar_4
D:7:      layout_rooms, enter_bailey_5, st_stairs_2
D:8:      cheibrodos_steamvent, layout_cave_pods, lair_entry_dummy,
          serial_shops, nicolae_shop_trees, david_defended_altar_elf
D:9:      layout_loops_corners, chequers_mini_garden, uniq_psyche
D:10:     lemuel_castle_with_subvaults [lemuel_castle_interior_carwin_1],
          layout_irregular_city

Skill      XL: |  1  2  3  4  5  6  7  8  9 10 11 |
---------------+----------------------------------+-----
Slings         | 6 7 9 10 11 | 11.6
Fighting       | 2 3 4 5 6 |  6.1
Short Blades   | 1 2 3 5 8 9 |  9.7
Armour         | 1 2 3 4 6 7 |  7.7
Dodging        | 3 4 |  4.4
Evocations     | 1 |  1.9
Stealth        | 2 3 |  3.0
Shields        | 1 2 |  2.7
Throwing       | 1 3 |  3.5
Long Blades    | 2 |  2.0
Invocations    | 1 |  1.0

Action                   |  1- 3 |  4- 6 |  7- 9 | 10-12 || total
-------------------------+-------+-------+-------+-------++-------
Melee: Short sword       |    40 |       |       |       ||    40
       Dagger            |    81 |   171 |       |       ||   252
       Rapier            |       |       |   413 |   102 ||   515
       Long sword        |       |       |       |    50 ||    50
 Fire: Hunting sling     |    33 |    77 |   132 |    68 ||   310
Throw: Boomerang         |       |       |     7 |       ||     7
       Dart              |       |       |    10 |    26 ||    36
Invok: Donate Gold       |       |       |     3 |     1 ||     4
       Vitalisation      |       |       |       |     3 ||     3
Evoke: Wand              |       |    15 |     4 |     5 ||    24
  Use: Scroll            |     4 |     2 |     5 |     4 ||    15
       Potion            |       |     5 |     9 |     1 ||    15
 Stab: Sleeping          |     1 |     2 |     1 |       ||     4
Armor: Leather armour    |    25 |    12 |     7 |       ||    44
       Skin              |       |     4 |       |       ||     4
       Chain mail        |       |       |    94 |    49 ||   143
Dodge: Dodged            |   122 |    88 |   126 |    53 ||   389
Block: Buckler           |       |     2 |    50 |    25 ||    77
       Kite shield       |       |       |       |     8 ||     8
       Rpst.: Long sword |       |       |       |     3 ||     3
